 Dungeon Crawl Stone Soup version 0.19.1-1-g22dce08 (webtiles) character file.

3918 Queen the Basher (level 10, -7/70 HPs)
             Began as a Formicid Fighter on Jan 13, 2017.
             Was a Believer of Okawaru.
             Mangled by an orc warrior
             ... wielding a +0 glaive
              (17 damage)
             ... on level 8 of the Dungeon.
             The game lasted 00:29:34 (9132 turns).

Queen the Basher (Formicid Fighter)                 Turns: 9132, Time: 00:29:35

Health: -7/70      AC: 14    Str: 22    XL:     10   Next: 43%
Magic:  10/10      EV:  4    Int:  7    God:    Okawaru [**....]
Gold:   198        SH:  9    Dex: 13    Spells: 0 memorised, 9 levels left

rFire  . . .     SeeInvis +     x - +0 flail
rCold  . . .     Gourm    .     l - +0 plate armour
rNeg   . . .     Faith    .     c - +0 shield
rPois  .         Spirit   .     (helmet unavailable)
rElec  .         Reflect  .     (no cloak)
rCorr  .         Harm     .     j - +2 pair of gloves
MR     +....                    (no boots)
Stlth  ..........               (no amulet)
                                n - ring of stealth
                                q - ring of wizardry

@: no status effects
A: permanent stasis, dig shafts and tunnels, four strong arms, antennae 3
a: Dig, Shaft Self, Heroism, Renounce Religion


You were on level 8 of the Dungeon.
You worshipped Okawaru.
Okawaru was pleased with you.
You were not hungry.

You visited 2 branches of the dungeon, and saw 10 of its levels.

You collected 304 gold pieces.
You spent 106 gold pieces at shops.

Inventory:

Hand Weapons
 x - a +0 flail (weapon)
Armour
 c - a +0 shield (worn)
 j - a +2 pair of gloves (worn)
 l - a +0 plate armour (worn)
Jewellery
 a - a cursed ring of loudness {unknown}
 m - an uncursed ring of flight
 n - a ring of stealth (right hand)
 q - a ring of wizardry (left hand)
Wands
 u - a wand of flame (21/48)
 w - a wand of slowing (15/48)
Scrolls
 b - 4 scrolls of identify
 e - 2 scrolls of magic mapping
 g - a scroll of amnesia
 o - 4 scrolls of remove curse
 p - a scroll of fear
 v - 5 scrolls of fog
 y - a scroll of recharging
 A - a scroll of holy word
 D - a scroll of enchant weapon {unknown}
Potions
 i - a potion of brilliance
 k - 2 potions of curing
 r - a potion of magic
 C - a potion of cancellation {unknown}
Books
 s - a book of Frost

   Spells                             Type                      Level
   a - Freeze                         Ice                          1
   b - Throw Frost                    Conjuration/Ice              2
   c - Ozocubu's Armour               Charms/Ice                   3
   d - Throw Icicle                   Conjuration/Ice              4
   e - Summon Ice Beast               Ice/Summoning                4
Comestibles
 d - 3 beef jerkies
 f - 6 bread rations
 h - 3 meat rations
 t - 7 slices of pizza
 z - a royal jelly


   Skills:
 - Level 3.2 Fighting
 + Level 13.9 Maces & Flails
 - Level 3.2 Armour
 - Level 3.6 Shields


You had 9 spell levels left.
You didn't know any spells.

Dungeon Overview and Level Annotations

Branches:
Dungeon (9/15)             Temple (1/1) D:6
   Lair: D:8-11         Orc: D:9-12

Altars:
Ashenzari
Cheibriados
Dithmenos
Elyvilon
Gozag
Hepliaklqana
Kikubaaqudgha
Makhleb
Nemelex Xobeh
Okawaru
Qazlal
Ru
Sif Muna
Trog
Uskayaw
Vehumet
Xom
Yredelemnul
Zin

Shops:
D:6 ?   D:8 *


Innate Abilities, Weirdness & Mutations

You are under a permanent stasis effect.
You can dig through walls and to a lower floor.
Your four strong arms can wield two-handed weapons with a shield.
You have a pair of large antennae on your head. (SInv)


Message History

The orc hits you but does no damage.
The orc warrior hits you but does no damage.
You climb upwards.
There is a stone staircase leading down here.
You sock the orc!
You kill the orc!
Okawaru accepts your kill.
You thump the orc warrior!
The orc warrior is almost dead.
The orc warrior barely misses you.
Your shield and plate armour prevent you from hitting the orc warrior.
The orc warrior is almost dead.
The orc warrior hits you with a glaive!
* * * LOW HITPOINT WARNING * * *
You closely miss the orc warrior.
The orc warrior is almost dead.
You closely miss the orc warrior.
The orc warrior is almost dead.
The orc warrior hits you with a glaive!
You die...

##.[.##### #.#....###
#...##########.###.....
#...................#.#
#...##########.###..#.#
#...########...........
##........##....#####.#
#............#รท# #..
#...>o......##.# ##.
#...>@)...####.# ##
#........#####.####
#........#........####
#........#........#...
#........#..........##
#........#........###
##########........#
#........# ##########


You could see an orc warrior.

Vanquished Creatures
  A two-headed ogre (D:5)
  A hippogriff (D:7)
  A human (D:8)
  4 hogs
  A hungry ghost (D:8)
  3 water moccasins
  2 ice beasts (D:7)
  A black bear (D:7)
  A phantom (D:4)
  4 ogres
  The ghost of tschems the Covered, an amateur HuFi (D:3)
  A centaur (D:7)
  2 big kobolds (D:6)
  3 bullfrogs
  A water moccasin skeleton (D:7)
  6 scorpions
  2 howler monkeys (D:7)
  2 crimson imps
  6 hounds
  A gnoll shaman (D:6)
  Jessica (D:2)
  4 bullfrog skeletons
  2 iguanas
  2 worker ants
  A hound skeleton (D:6)
  A hound zombie (D:7)
  2 worker ant zombies (D:8)
  5 gnolls (D:6)
  9 adders
  4 shadow imps
  An ooze (D:3)
  An adder zombie (D:7)
  An adder skeleton (D:6)
  4 worms
  5 dart slugs
  3 leopard geckos
  8 orcs
  5 bats
  5 goblins
  9 hobgoblins
  4 jackals (D:8)
  12 kobolds
  2 quokkas
  2 ball pythons
  9 frilled lizards
  A giant cockroach zombie (D:6)
  A leopard gecko skeleton (D:4)
  A leopard gecko zombie (D:8)
  8 rats
157 creatures vanquished.

Notes
Turn   | Place    | Note
-------+----------+-------------------------------------------
     0 | D:1      | Queen the Formicid Fighter began the quest for the Orb.
     0 | D:1      | Reached XP level 1. HP: 18/18 MP: 1/1
   190 | D:1      | Reached XP level 2. HP: 14/24 MP: 2/2
   400 | D:1      | Reached skill level 3 in Maces & Flails
   459 | D:1      | Reached XP level 3. HP: 29/29 MP: 3/3
  1181 | D:2      | Reached skill level 4 in Maces & Flails
  1181 | D:2      | Reached XP level 4. HP: 35/35 MP: 4/4
  1214 | D:2      | Found a faded altar of an unknown god.
  1214 | D:2      | Found a faded altar of an unknown god.
  1219 | D:2      | Found a faded altar of an unknown god.
  1221 | D:2      | Found a faded altar of an unknown god.
  1223 | D:2      | Found a sparkling altar of Nemelex Xobeh.
  1648 | D:2      | Noticed Jessica
  1650 | D:2      | Killed Jessica
  1671 | D:2      | Found a shadowy altar of Dithmenos.
  1681 | D:2      | Reached XP level 5. HP: 37/41 MP: 5/5
  1844 | D:3      | Reached skill level 5 in Maces & Flails
  1870 | D:3      | Found a glowing silver altar of Zin.
  1886 | D:3      | Found a snail-covered altar of Cheibriados.
  2000 | D:3      | Noticed tschems's ghost (amateur HuFi)
  2017 | D:3      | Killed tschems's ghost
  2017 | D:3      | Reached XP level 6. HP: 17/47 MP: 6/6
  2371 | D:3      | Reached skill level 6 in Maces & Flails
  2519 | D:3      | Noticed a moth of wrath
  2521 | D:3      | Found a bloodstained altar of Trog.
  2718 | D:4      | Noticed an ogre
  2721 | D:4      | Noticed a phantom
  2730 | D:4      | Killed an ogre
  2737 | D:4      | Found a sacrificial altar of Ru.
  2745 | D:4      | Killed a phantom
  2745 | D:4      | Reached skill level 7 in Maces & Flails
  2745 | D:4      | Reached XP level 7. HP: 20/52 MP: 7/7
  2933 | D:4      | Found a basalt altar of Yredelemnul.
  3585 | D:4      | Reached skill level 8 in Maces & Flails
  3603 | D:5      | Entered Level 5 of the Dungeon
  3977 | D:5      | Found a shattered altar of Ashenzari.
  4074 | D:5      | Noticed a water moccasin
  4084 | D:5      | Killed a water moccasin
  4084 | D:5      | Reached XP level 8. HP: 39/58 MP: 8/8
  4210 | D:5      | Found a stormy altar of Qazlal.
  4266 | D:5      | Found a shimmering altar of Xom.
  4569 | D:5      | Noticed a two-headed ogre
  4574 | D:5      | Killed a two-headed ogre
  4574 | D:5      | Reached skill level 9 in Maces & Flails
  4944 | D:6      | Found a shadowy altar of Dithmenos.
  4980 | D:6      | Found a staircase to the Ecumenical Temple.
  5151 | D:6      | Reached skill level 10 in Maces & Flails
  5354 | D:6      | Found Pateovac's Magic Scroll Shoppe.
  5365 | D:6      | Bought a scroll of identify for 28 gold pieces
  5365 | D:6      | Bought a scroll of identify for 28 gold pieces
  5510 | D:6      | Reached XP level 9. HP: 40/64 MP: 9/9
  5527 | D:6      | HP: 3/64 [gnoll/halberd (6)]
  6407 | Temple   | Entered the Ecumenical Temple
  6624 | Temple   | Became a worshipper of Warmaster Okawaru
  6720 | D:7      | Reached skill level 11 in Maces & Flails
  6968 | D:7      | Noticed a hippogriff
  6988 | D:7      | Killed a hippogriff
  6995 | D:7      | Reached skill level 12 in Maces & Flails
  7334 | D:7      | Reached * piety under Okawaru
  8150 | D:8      | Found Esif's Assorted Antiques.
  8176 | D:8      | Bought a scroll of identify for 50 gold pieces
  8202 | D:8      | Reached XP level 10. HP: 70/70 MP: 10/10
  8226 | D:7      | Reached skill level 13 in Maces & Flails
  8234 | D:7      | Reached ** piety under Okawaru
  8947 | D:8      | Found a burning altar of Makhleb.
  9132 | D:8      | Mangled by an orc warrior

Skill      XL: |  1  2  3  4  5  6  7  8  9 10 |
---------------+-------------------------------+-----
Maces & Flails | 3 4 5 7 8 10 12 13 | 13.9
Fighting       | |  3.2
Armour         | |  3.2
Shields        | |  3.6

Action                   |  1- 3 |  4- 6 |  7- 9 | 10-12 || total
-------------------------+-------+-------+-------+-------++-------
Melee: Flail             |   107 |   163 |   459 |   183 ||   912
  Use: Potion            |       |     2 |     4 |       ||     6
       Scroll            |       |       |    11 |       ||    11
  Eat: Chunk             |     1 |     5 |    15 |     3 ||    24
       Meat ration       |       |       |     1 |       ||     1
       Pizza             |       |       |       |     1 ||     1
Armor: Scale mail        |    43 |       |       |       ||    43
       Plate armour      |     5 |    80 |   207 |    89 ||   381
Dodge: Dodged            |    42 |    29 |    68 |    33 ||   172
Block: Shield            |    49 |    85 |   178 |    74 ||   386
